 Dungeon Crawl Stone Soup version 0.31-a0-221-gbddc013574 (webtiles) character file.

Game seed: 7965607521045210889

7 senseless the Shooter (level 1, -3/16 HPs)
             Began as a Demonspawn Hunter on July 4, 2023.
             Frozen to death by an endoplasm (4 damage)
             ... on level 1 of the Dungeon.
             The game lasted 00:00:21 (69 turns).

senseless the Shooter (Demonspawn Hunter)             Turns: 69, Time: 00:00:22

Health: -3/16      AC:  4    Str: 11    XL:     1   Next: 83%
Magic:  1/1        EV: 12    Int: 10    God:
Gold:   0          SH:  0    Dex: 16    Spells: 0/0 levels left

rFire   . . .        a - +0 shortbow
rCold   . . .        (shield currently unavailable)
rNeg    . . .        c - +0 leather armour
rPois   .            f - +1 hat
rElec   .            (no cloak)
rCorr   .            (no gloves)
SInv    .            (no boots)
Will    .....        (no amulet)
Stlth   +            (no ring)
HPRegen 0.22/turn    (no ring)
MPRegen 0.07/turn

%: no passive effects
@: no status effects
A: no striking features
a: no special abilities


You were on level 1 of the Dungeon.
You visited 1 branch of the dungeon, and saw 1 of its levels.

Inventory:

Hand Weapons
 a - a +0 shortbow (weapon)
Armour
 c - a +0 leather armour (worn)
 f - a +1 hat (worn)
Scrolls
 b - a scroll of butterflies
 d - a scroll of noise {unknown}
Potions
 e - a potion of attraction {unknown}


   Skills:
 + Level 2.2 Fighting
 + Level 3.7 Ranged Weapons
 + Level 2.0 Dodging
 - Level 0.8 Stealth


You couldn't memorise any spells.
You didn't know any spells.
Your spell library was empty.

Dungeon Overview and Level Annotations

Branches:
Dungeon (1/15)

Altars:


Message History

You shoot an arrow.
The arrow closely misses the frilled lizard.
You hear a shout!
The bat barely misses you.
The frilled lizard bites you but does no damage.
The endoplasm hits you.
The frilled lizard bites you but does no damage.
You shoot an arrow. The arrow closely misses the bat.
The bat hits you but does no damage. x2; The frilled lizard barely misses you.
The endoplasm freezes you.
You are frozen.
You shoot an arrow. The arrow closely misses the bat.
The bat closely misses you. The frilled lizard closely misses you.
The endoplasm freezes you.
You are frozen.
You are too injured to fight recklessly!
You are too injured to fight recklessly!
The endoplasm attacks as you move away! The endoplasm hits you.
* * * LOW HITPOINT WARNING * * *
The frilled lizard attacks as you move away!
The frilled lizard barely misses you. The hobgoblin attacks as you move away!
The hobgoblin barely misses you. The bat hits you but does no damage.
The frilled lizard attacks as you move away!
The frilled lizard barely misses you. The bat barely misses you.
You are too injured to fight recklessly!
You are too injured to fight recklessly!
You shoot an arrow. The arrow hits the bat.
You kill the bat!
The frilled lizard closely misses you.
Your Dodging skill increases to level 2!
You shoot an arrow. The arrow hits the frilled lizard!
You kill the frilled lizard!
The endoplasm freezes you.
You are frozen.
* * * LOW HITPOINT WARNING * * *
You shoot an arrow.
The arrow hits the endoplasm but does no damage.
The endoplasm freezes you.
You are frozen.
You die...

#.........#.#.....#
#.........#.#####.#
#####.###.#.....#.#
#.....#...#<..#
#.###.#...#####
#.##..#.........
#.##..#.....#...
##.##..#######.## #
..........gJ@...##
.#
##########.###...#.
#..###.^....
##.#.#.#.#.#.#.#
#.....g.........
##.#.#.#.#.#.#.
#...............
##.#.#.#.#.#.#.#
#..........?.


You could see an endoplasm and a hobgoblin.

Vanquished Creatures
  3 bats (D:1)
  An endoplasm (D:1)
  A kobold (D:1)
  A frilled lizard (D:1)
6 creatures vanquished.

Notes
Turn   | Place    | Note
-------+----------+-------------------------------------------
     0 | D:1      | senseless the Demonspawn Hunter began the quest for the
                  | Orb.
     0 | D:1      | Reached XP level 1. HP: 16/16 MP: 1/1
    69 | D:1      | Frozen to death by an endoplasm

Illustrated notes

Levels and vault maps discovered:
D:1:      ebering_trefoil_twist, layout_loops_ring, st_stairs_11, minivault_27

Skill      XL: |  1 |
---------------+----+-----
Dodging        | 2 |  2.0
Fighting       | |  2.2
Ranged Weapons | |  3.7
Stealth        | |  0.8

Action                     || total
---------------------------++-------
   Fire: Shortbow          ||    15
 Armour: Leather armour    ||     9
  Dodge: Dodged            ||    14

Table legend: (Time is in decaauts)
 A = Elapsed time spent in this place.
 B = Non-inter-level travel time spent in this place.
 C = Inter-level travel time spent in this place.
 D = Time resting spent in this place.
 E = Time spent auto-exploring this place.
 F = Levels seen in this place.
 G = Mean time per level.
                   A        B        C        D        E       F      G
               +--------+--------+--------+--------+--------+-----+--------+
         Total |     73 |     73 |      0 |      0 |     35 |   1 |   73.0 |
       Dungeon |     73 |     73 |      0 |      0 |     35 |   1 |   73.0 |
               +--------+--------+--------+--------+--------+-----+--------+

Top non-repeatable levels by time:
     D:1: 73 daAuts
